[Event "*** Titled Tuesday 3|2 Blitz"]
[Site "Chess.com"]
[Date "2017.05.02"]
[Round "1"]
[White "hypert"]
[Black "Rodalquilar"]
[Result "0-1"]
[WhiteElo "2264"]
[BlackElo "2532"]
[TimeControl "180+2"]
[EndTime "13:08:52 PDT"]
[Termination "Rodalquilar won by checkmate"]

1. e4 e5 2. Nf3 Nc6 3. Bb5 a6 4. Ba4 Nf6 5. O-O Be7 6. Re1 b5 7. Bb3 d6 8. d3 O-O 9. a3 Bb7 10. Nc3 Nd4 11. Nxd4 exd4 12. Ne2 c5 13. Ng3 g6 14.
Bh6 Re8 15. Qf3 Rc8 16. Nf5 Bf8 17. Bxf8 Kxf8 18. Nh6 c4 19. Ba2 Kg7 20. Ng4 Nd7 21. Qf4 h5 22. Qxd6 hxg4 23. Qxd4+ Ne5 24. Qa7 Qc7 25.
d4 Ra8 26. Qc5 Qxc5 27. dxc5 Rac8 28. b4 cxb3 29. Bxb3 Rxc5 30. a4 b4 31. Rad1 a5 32. Rd6 Re7 33. Re3 Nd7 34. f3 Nf6 35. Kf2 gxf3 36.
gxf3 Nh5 37. Red3 Nf4 38. R3d4 Bc6 39. e5 Ne6 40. Rd2 Ng5 41. R2d3 Rexe5 42. f4 Ne4+ 43. Ke3 Nxd6+ 44. fxe5 Nf5+ 45. Kf4 Rc3 46. Rd8 Rf3+ 47. Kg4 Rf1 48. Rc8 Bf3+ 49. Kh3 Rg1 50. Rc4 g5 51. Rg4 Bxg4# 0-1

[Event "*** Titled Tuesday 3|2 Blitz"]
[Site "Chess.com"]
[Date "2017.05.02"]
[Round "1"]
[White "Wolverine_master"]
[Black "underdogchss"]
[Result "0-1"]
[WhiteElo "1955"]
[BlackElo "2410"]
[TimeControl "180+2"]
[EndTime "13:08:54 PDT"]
[Termination "underdogchss won by resignation"]

1. Nf3 Nf6 2. g3 d5 3. Bg2 c6 4. c4 Bg4 5. cxd5 cxd5 6. O-O Nc6 7. d4 e6 8. Nc3 Be7 9. Ne5 Bh5 10. Qa4 Qb6 11. e4 dxe4 12. Nxe4 Nd5 13. Nc3 Qxd4 14. Qxd4 Nxd4 15. Nxd5 exd5 16. Bxd5 O-O-O 17. Bg2 Bf6 18. Bh3+ Kb8 19. Nd7+ Rxd7 20. Bxd7 Bf3 21. Bf4+ Ka8 22. Rfe1 Nc2 23. Rac1 Nxe1 24. Rxe1 Rd8 25. b3 Rxd7 26.
Re8+ Rd8 27. Rxd8+ Bxd8 28. Kf1 Ba5 29. h4 Bc3 30. Be3 f6 31. Kg1 h5 32. Kh2 b6 33.
Kh3 Kb7 34. Kh2 Kc6 35. Kg1 Kd5 36. Kf1 Ke4 37. Bf4 a6 38. Bc7 b5 39. Bd6 Kd3 40. Bf8 f5 41. Be7 g6 42. a4 b4 43.
a5 Kc2 44. g4 fxg4 45. Kg1 Kxb3 46. Kh2 Be5+ 47. Kg1 Kc4 48. Kf1 b3 49. Ke1 Bf4 50. Bf6 Kd3 51. Kf1 Bd2 0-1

[Event "*** Titled Tuesday 3|2 Blitz"]
[Site "Chess.com"]
[Date "2017.05.02"]
[Round "1"]
[White "Michelangelo"]
[Black "hermionegrangermagic"]
[Result "1-0"]
[WhiteElo "2559"]
[BlackElo "2267"]
[TimeControl "180+2"]
[EndTime "13:08:57 PDT"]
[Termination "Michelangelo won by resignation"]

1. d4 d5 2. Nf3 Nf6 3. c4 e6 4.
Nc3 Be7 5. Bf4 O-O 6. a3 c5 7. dxc5 Bxc5 8. e3 a6 9. cxd5 exd5 10. Bg5 Be6 11. Rc1 Be7 12. Be2 Nc6 13. O-O Rc8 14. Nd4 h6 15. Bh4 Qb6 16. Na4 Qd8 17. Nxc6 bxc6 18. Bxa6 Rc7 19. Nc5 Bxc5 20. Rxc5 Qd6 21.
Rc1 Ra7 22. Bd3 Ng4 23. Bg3 Qd7 24. Bb1 f5 25. Qd4 Rb7 26. b4 g5 27. f3 Nf6 28.
Rc3 Nh5 29. Be5 f4 30. Re1 fxe3 31. Rcxe3 Nf4 32. Qb2 Bf5 33. Bxf4 gxf4 34. Re5 Bxb1 35. Qxb1 Qg7 36. Re6 Rf6 37. Qc2 Rc7 38. Re8+ Rf8 39.
Qc5 Rxe8 40. Rxe8+ Kh7 41. Qc2+ Qg6 42. Rh8+ Kg7 43.
Rg8+ Kxg8 44. Qxg6+ Kh8 45. Qf6+ Kh7 46. Qf5+ Kg7 47.
Qe5+ Kg6 48. Qxc7 d4 49. Qxf4 d3 50. Kf2 c5 51. bxc5 d2 1-0

[Event "*** Titled Tuesday 3|2 Blitz"]
[Site "Chess.com"]
[Date "2017.05.02"]
[Round "1"]
[White "bancsoo"]
[Black "Schemato"]
[Result "1-0"]
[WhiteElo "2572"]
[BlackElo "2301"]
[TimeControl "180+2"]
[EndTime "13:09:03 PDT"]
[Termination "bancsoo won by resignation"]

1. Nf3 c5 2. g3 Nc6 3. Bg2 g6 4.
O-O Bg7 5. c3 e5 6. d4 exd4 7. cxd4 cxd4 8. Na3 Nge7 9. Nb5 d5 10.
Bf4 O-O 11. Qd2 Nf5 12. g4 Nh4 13. Nxh4 Qxh4 14. Nc7 Bxg4 15. Nxa8 Rxa8 16. Bxd5 Qh5 17. Bxc6 bxc6 18. f3 Bh3 19. Rfc1 c5 20. Rc2 Bf8 21. b4 cxb4 22. Rac1 Re8 23. Qxd4 a5 24. Qf2 Qf5 25. Be3 Bg7 26. Rc5 Qe6 27. Bf4 Qxa2 28. e3 Qxf2+ 29.
Kxf2 a4 30. Ra5 a3 31. Rc4 Bc3 32. Rxc3 bxc3 33. Rxa3 Rc8 34. e4 c2 35. Bc1 Be6 36. Ke3 Rd8 37. Bd2 Rc8 38. Bc1 Rd8 39. Rc3 Rd1 40.
Rxc2 Rh1 41. Bb2 Kf8 42. Bf6 Ke8 43. Rd2 Bd7 44. Rb2 Be6 45. Rd2 Bd7 46. Kf4 h6 47. Rb2 Be6 48. Ke5 Rd1 49. h4 h5 50.
Rb8+ Kd7 51. Rd8+ Kc7 52. Rxd1 1-0

[Event "*** Titled Tuesday 3|2 Blitz"]
[Site "Chess.com"]
[Date "2017.05.02"]
[Round "1"]
[White "GM_Huschenbeth"]
[Black "severomorskij"]
[Result "0-1"]
[WhiteElo "2372"]
[BlackElo "2680"]
[TimeControl "180+2"]
[EndTime "13:09:32 PDT"]
[Termination "severomorskij won on time"]

1. e4 c5 2. Nf3 Nc6 3. d4 cxd4 4. Nxd4 e5 5. Nb5 d6 6. N1c3 a6 7. Na3 Be7 8. Nd5 Nf6 9. Nxf6+ Bxf6 10. Nc4 Be7 11.
a4 O-O 12. Be2 Be6 13. Be3 b5 14. Nd2 Rb8 15. axb5 axb5 16. O-O d5 17. exd5 Bxd5 18. Bf3 f5 19. Bxd5+ Qxd5 20. Nb3 Rfd8 21. Qxd5+ Rxd5 22. Ra6 Nb4 23. Ra7 Bf6 24. Rc7 Rbd8 25. f3 Rd1 26. Rc5 f4 27. Bf2 R8d5 28. c3 Nc2 29.
Rxd5 Rxd5 30. Rc1 Ne3 31. Bxe3 fxe3 32. Kf1 Bg5 33. Ke2 Rd7 34. Ra1 Kf7 35. Ra5 Rb7 36. Nc5 Rb6 37. Ne4 Bh6 38. Ra7+ Ke6 39. g4 Bf4 40.
Rxg7 Kd5 41. Kd3 Rh6 42. Re7 Rxh2 43. b4 e2 44. Rd7+ Ke6 45. Nc5+ Kf6 46. Ne4+ Kg6 47. Rd6+ Kf7 48. Rd7+ Kf8 49. Nf6 e1=Q 0-1

[Event "*** Titled Tuesday 3|2 Blitz"]
[Site "Chess.com"]
[Date "2017.05.02"]
[Round "1"]
[White "maciek_92"]
[Black "Ilja_Semjonovs"]
[Result "0-1"]
[WhiteElo "2500"]
[BlackElo "2236"]
[TimeControl "180+2"]
[EndTime "13:09:33 PDT"]
[Termination "Ilja_Semjonovs won by checkmate"]

1. c4 e5 2. Nc3 Nf6 3. g3 c6 4. Nf3 e4 5. Nd4 d5 6. d3 exd3 7. Bg2 dxc4 8. Be3 Be7 9. O-O O-O 10.
exd3 cxd3 11. Re1 Nbd7 12. Qxd3 Nc5 13. Qc2 Bg4 14. f3 Bh5 15. Rad1 Qc8 16. Qf2 Re8 17. h3 Ne6 18. f4 Bxd1 19. Rxd1 Nxd4 20. Bxd4 Qc7 21. g4 Rad8 22. Rf1 Qa5 23. Kh1 Nd5 24. Nxd5 cxd5 25. g5 b6 26. Qg3 Bc5 27. Be5 Bd6 28. Bd4 Bc5 29. Be5 d4 30. Be4 d3 31. Bxd3 Qd2 32. Bb1 Bd4 33. Bf6 Bxf6 34. gxf6 g6 35. f5 Qe3 36. Qg4 Rd4 37. Qg2 Rd2 38. Qg4 Qe2 39.
Qxe2 Rexe2 40. Rc1 Re8 41. fxg6 hxg6 42. Bc2 Rd6 43.
Rf1 Ree6 44. Bb3 Rxf6 45. Re1 Rd7 46. Kg2 Kg7 47. Kg3 Rfd6 48. h4 Rd3+ 49. Kf2 Rd2+ 50. Kf3 Rxb2 51. Rg1 Rh2 52. Kg3 Rhd2 53. Rf1 R2d3+ 54.
Kg4 R7d4+ 55. Kg5 Rg3# 0-1

[Event "*** Titled Tuesday 3|2 Blitz"]
[Site "Chess.com"]
[Date "2017.05.02"]
[Round "1"]
[White "Spartakus1975"]
[Black "korason34"]
[Result "1-0"]
[WhiteElo "2582"]
[BlackElo "2317"]
[TimeControl "180+2"]
[EndTime "13:09:50 PDT"]
[Termination "Spartakus1975 won by checkmate"]

1. e4 e5 2. Nf3 Nc6 3. Bb5 a6 4. Bxc6 dxc6 5. O-O Bd6 6. d4 exd4 7. Qxd4 f6 8. Be3 Ne7 9. Nbd2 Be6 10. Rad1 O-O 11. Nc4 Bxc4 12. Qxc4+ Kh8 13. Bc5 Ng6 14. Bxd6 cxd6 15. Qb4 Qe7 16. Rxd6 a5 17. Qd2 Qxe4 18. Re1 Qb4 19. c3 Qb6 20. h4 Rad8 21. h5 Ne5 22.
Nh4 Rxd6 23. Qxd6 Qd8 24. Nf5 Qxd6 25. Nxd6 Rb8 26. b3 Kg8 27. Re3 Kf8 28. f4 Nf7 29. Nc4 Ra8 30. Nb6 Rd8 31. Kf2 Nd6 32. g4 Kf7 33. Kf3 Nb5 34. Nc4 Ra8 35. a4 Nc7 36. Nd6+ Kf8 37. Nxb7 Nd5 38. Rd3 Ra7 39. Nc5 Re7 40.
f5 Re1 41. c4 Ne7 42. Rd8+ Kf7 43. Ne6 Rxe6 44. fxe6+ Kxe6 45. Ra8 g6 46. Rxa5 f5 47. hxg6 fxg4+ 48. Kxg4 hxg6 49. Ra8 Kd6 50. a5 Nf5 51. b4 Kc7 52. Rg8 Nd6 53. Rg7+ Kb8 54. c5 Nc4 55. Rxg6 Ne5+ 56. Kf5 Nxg6 57. Kxg6 Kb7 58.
Kf6 Ka6 59. Ke5 Kb5 60. Kd6 Kxb4 61. Kxc6 Kxa5 62. Kb7 Kb5 63. c6 Kc5 64. c7 Kd6 65.
c8=Q Ke5 66. Qc6 Kd4 67. Qe6 Kd3 68. Qe5 Kc4 69. Kc6 Kd3 70. Qf4 Kc3 71. Qe4 Kb3 72. Qd4 Kc2 73. Qe3 Kb2 74. Qd3 Ka2 75. Qc3 Kb1 76. Qd2 Ka1 77. Kb5 Kb1 78. Kb4 Ka1 79. Kb3 Kb1 80. Qd1# 1-0

[Event "*** Titled Tuesday 3|2 Blitz"]
[Site "Chess.com"]
[Date "2017.05.02"]
[Round "1"]
[White "grzechu96"]
[Black "GMBenjaminBok"]
[Result "1/2-1/2"]
[WhiteElo "2365"]
[BlackElo "2651"]
[TimeControl "180+2"]
[EndTime "13:09:56 PDT"]
[Termination "Game drawn by repetition"]

1. e4 c5 2. Nf3 d6 3. d4 cxd4 4. Nxd4 Nf6 5. Nc3 a6 6. Be3 e5 7. Nb3 Be6 8. f3 Be7 9. Qd2 O-O 10. O-O-O Nbd7 11. g4 b5 12. g5 Nh5 13. Nd5 Bxd5 14. exd5 f6 15. gxf6 Bxf6 16. Na5 Nf4 17. Nc6 Qc7 18.
Bd3 Nb6 19. Bxb6 Qxb6 20. Be4 a5 21. h4 b4 22. h5 Qc5 23. Kb1 Kh8 24. Rc1 Bg5 25.
Rcg1 Bh6 26. Qd1 a4 27. Qe1 Nxd5 28. Bxd5 Qxd5 29. Qe4 Qf7 30. Nxb4 Qxf3 31. Qxf3 Rxf3 32. Rd1 Rf6 33. Nd5 Rf2 34. Nb6 Rd8 35. Nc4 Kg8 36.
Nxe5 Rc8 37. Rxd6 Rfxc2 38. Rd8+ Rxd8 39. Kxc2 Bg5 40. Nd3 Bf6 41. b3 axb3+ 42. axb3 Ra8 43. b4 Ra3 44. Rb1 Bd8 45. b5 Bb6 46. Ne5 Ra4 47.
Nd7 Bf2 48. b6 Bxb6 49. Rxb6 Ra5 50. Rb8+ Kf7 51. Rb7 Rxh5 52. Kd3 Rh1 53. Ne5+ Kf6 54. Ng4+ Kg6 55. Ne5+ Kf6 56. Ng4+ Kg6 57. Ne5+ Kf6 58.
Ng4+ Kg6 59. Ne5+ Kf6 60. Ng4+ Kg6 61. Ne5+ 1/2-1/2

[Event "*** Titled Tuesday 3|2 Blitz"]
[Site "Chess.com"]
[Date "2017.05.02"]
[Round "1"]
[White "biostatistician"]
[Black "pawnwonder"]
[Result "1-0"]
[WhiteElo "2404"]
[BlackElo "1829"]
[TimeControl "180+2"]
[EndTime "13:10:16 PDT"]
[Termination "biostatistician won by resignation"]

1. d4 Nf6 2. Nf3 g6 3. c4 Bg7 4. Nc3 O-O 5. e4 d6 6. Be2 e5 7.
dxe5 dxe5 8. Qxd8 Rxd8 9. Bg5 Re8 10. Nd5 Nxd5 11. cxd5 c6 12. Bc4 cxd5 13. Bxd5 Nc6 14. O-O-O Bg4 15. Kb1 Nd4 16. Nxd4 exd4 17. f3 Be6 18.
Bxb7 Rab8 19. Bc6 Rec8 20. Ba4 Rb6 21. Rc1 Rcb8 22. b3 Rb4 23. Kc2 f5 24. Kd3 fxe4+ 25. fxe4 Bc8 26. Kd2 Ba6 27. Bf4 Rf8 28. g3 h6 29. Rc6 Bb7 30. Rxg6 Bxe4 31. Rxg7+ Kxg7 32. Re1 Bg6 33. Bc6 Rb6 34. Bd5 Rc8 35. Bc4 Rb7 36.
Be5+ Kh7 37. Bxd4 Rd8 38. Kc3 Rbd7 39. Bf6 Rf8 40. Bd4 Rfd8 41. Bc5 a5 42. Bb6 Rc8 43. Bxa5 Bf7 44. Bb4 Bxc4 45. bxc4 Rdc7 46. Re4 Ra8 47. a3 Rac8 48. c5 Kg6 49. Kc4 Kf5 50. Rd4 Ke5 51.
Rd5+ Ke4 52. Rd6 Rc6 53. Rd7 Kf3 54. Rd2 Ke3 55. Rc2 Kf3 56. a4 Ke4 57. a5 Rb8 58. Ra2 Ra8 59. Re2+ Kf5 60. Re7 Raa6 61. Kb5 Kg4 62.
Re2 Kf5 63. Rd2 Kf6 64. Rd6+ Rxd6 65. cxd6 Ra7 66. a6 Ke6 67. Kb6 Ra8 68. a7 Kd7 69.
Kb7 Rg8 70. a8=Q Rxa8 71. Kxa8 Kc6 72. Kb8 Kd7 73. Kb7 Kd8 74. Kc6 Kc8 75. d7+ Kd8 76. Ba5+ Ke7 77. d8=Q+ Ke6 78. Qe8+ 1-0

[Event "*** Titled Tuesday 3|2 Blitz"]
[Site "Chess.com"]
[Date "2017.05.02"]
[Round "1"]
[White "SCIM"]
[Black "GMAkobianSTL"]
[Result "0-1"]
[WhiteElo "2379"]
[BlackElo "2592"]
[TimeControl "180+2"]
[EndTime "13:10:17 PDT"]
[Termination "GMAkobianSTL won on time"]

1. d4 Nf6 2. c4 b6 3. Nc3 Bb7 4.
Nf3 g6 5. h3 Bg7 6. Bf4 O-O 7.
e3 d6 8. Be2 Nbd7 9. O-O a6 10.
Rc1 Qe8 11. Bh2 e5 12. dxe5 Nxe5 13. Nxe5 dxe5 14. Nd5 Rd8 15. Nxf6+ Bxf6 16. Qc2 c5 17.
Rfd1 Qe6 18. Bg4 Qc6 19. Bf3 e4 20. Be2 h5 21. b3 Kg7 22. Rxd8 Rxd8 23. Rd1 Rd7 24.
Rxd7 Qxd7 25. Qd1 Qxd1+ 26. Bxd1 Bd8 27. Be2 f5 28. Be5+ Kf7 29. Kf1 Ke6 30. Bc3 h4 31. Ke1 Bc7 32. Bg7 Be5 33. Bh6 Kf6 34. Bf4 g5 35.
Bxe5+ Kxe5 36. Kd2 Bc8 37. g3 hxg3 38. fxg3 f4 39.
exf4+ gxf4 40. gxf4+ Kxf4 41. h4 e3+ 42. Kc3 Bg4 43.
h5 Bf5 44. a3 a5 45. b4 Kg3 46.
bxc5 bxc5 47. Bd3 Kf2 48. h6 Bxd3 49. Kxd3 e2 50. h7 e1=Q 51. h8=Q Qb1+ 52. Kd2 Qa2+ 53. Kd1 Qxc4 54. Qh2+ Ke3 55. Qg3+ Kd4 56. Qf4+ Kc3 57. Qc1+ Kb3 58. Qb1+ Ka4 59. Qg6 Kxa3 0-1

[Event "*** Titled Tuesday 3|2 Blitz"]
[Site "Chess.com"]
[Date "2017.05.02"]
[Round "1"]
[White "aa175"]
[Black "BigMak2500"]
[Result "0-1"]
[WhiteElo "1799"]
[BlackElo "2403"]
[TimeControl "180+2"]
[EndTime "13:10:18 PDT"]
[Termination "BigMak2500 won by checkmate"]

1. d4 d5 2. c4 c6 3. cxd5 cxd5 4.
Nc3 Nf6 5. Nf3 Nc6 6. Bf4 Bf5 7. e3 e6 8. Bd3 Bg6 9. O-O Bd6 10. Ne5 O-O 11. Bxg6 hxg6 12. Nxc6 bxc6 13. Bxd6 Qxd6 14. Qd3 c5 15. dxc5 Qxc5 16. Rfc1 Qb4 17. a3 Qb3 18. Qc2 Rab8 19. Rab1 Rfc8 20. h3 Qxc2 21. Rxc2 Ne4 22. Rbc1 Nxc3 23. Rxc3 Rxc3 24. Rxc3 Rxb2 25. Rc8+ Kh7 26.
Rc7 a5 27. Rc5 a4 28. Ra5 Rb1+ 29. Kh2 Rb2 30. Kg3 g5 31. Rxa4 Kg6 32. Kf3 e5 33. Ra6+ f6 34. Ra7 Rb3 35. g4 d4 36. Ke2 d3+ 37.
Kd2 Rb2+ 38. Kxd3 Rxf2 39. Ke4 Rh2 40. a4 Rxh3 41. a5 Rg3 42. a6 Rxg4+ 43. Kf3 Ra4 44. Ra8 Kf5 45. a7 g4+ 46. Kg3 Ra3 47. Kf2 g3+ 48. Kf3 e4+ 49. Kxg3 Rxe3+ 50. Kf2 Ra3 51. Ke2 Kf4 52. Kf2 Ra2+ 53. Ke1 Kf3 54. Rg8 Rxa7 55.
Rh8 g5 56. Rh5 g4 57. Rf5+ Ke3 58. Kf1 Ra6 59. Kg2 Kd4 60. Rf4 Kd3 61. Rxg4 e3 62. Rg3 Ra2+ 63. Kf3 Rf2+ 64. Kg4 f5+ 65. Kg5 f4 66.
Rh3 Kd2 67. Rh8 e2 68. Rd8+ Ke1 69. Kg4 Kf1 70. Rh8 e1=Q 71. Rh1+ Ke2 72. Rxe1+ Kxe1 73. Kh4 Rg2 74. Kh3 Rg8 75. Kh4 f3 76. Kh3 f2 77. Kh4 f1=Q 78. Kh5 Qh1# 0-1

[Event "*** Titled Tuesday 3|2 Blitz"]
[Site "Chess.com"]
[Date "2017.05.02"]
[Round "1"]
[White "saraswathii"]
[Black "Olkaa"]
[Result "0-1"]
[WhiteElo "2214"]
[BlackElo "2497"]
[TimeControl "180+2"]
[EndTime "13:10:32 PDT"]
[Termination "Olkaa won by resignation"]

1. e4 c5 2. Nf3 e6 3. d3 Nc6 4.
g3 Nge7 5. Bg2 g6 6. O-O Bg7 7.
c3 O-O 8. Qe2 d6 9. Be3 e5 10.
Na3 h6 11. Nh4 Kh7 12. Nc2 f5 13. exf5 Nxf5 14. Nxf5 Bxf5 15. Rad1 Qd7 16. Qd2 Rae8 17. f4 exf4 18. Bxf4 Ne5 19. Bxe5 Bxe5 20. d4 cxd4 21. Nxd4 Bg4 22. Rxf8 Rxf8 23. Re1 h5 24. Qd3 Qe7 25.
Nb5 a6 26. Nd4 h4 27. Be4 Qg5 28. gxh4 Qxh4 29. Qd2 Kg7 30. Kh1 Rh8 31. Bxb7 Qxh2+ 32. Qxh2 Rxh2+ 33. Kg1 Rxb2 34. Bxa6 Rxa2 35. Bc4 Ra3 36.
Nb5 Ra4 37. Bb3 Ra5 38. c4 Bf5 39. Rd1 Ra6 40. Re1 Kf6 41. Kf2 Ra8 42. Kf3 Rh8 43. Nc7 Rh3+ 44. Kg2 Rxb3 45. Nd5+ Kg5 46. c5 Rb2+ 47.
Kf3 Bg4+ 48. Ke4 Bg3 49. Rg1 Bf2 50. Rg2 dxc5 51. Ne3 Bxe3 52. Rxb2 Bd4 53. Rb5 Bf5+ 54. Kf3 Kf6 55. Rb6+ Ke5 56. Rb8 c4 57. Re8+ Kd5 58. Rd8+ Kc5 59. Ke2 c3 60. Ra8 Kb4 61. Ra1 c2 62.
Rc1 Bb2 0-1

[Event "*** Titled Tuesday 3|2 Blitz"]
[Site "Chess.com"]
[Date "2017.05.02"]
[Round "1"]
[White "AdrianaNikolova"]
[Black "Keranke"]
[Result "0-1"]
[WhiteElo "2333"]
[BlackElo "2613"]
[TimeControl "180+2"]
[EndTime "13:10:44 PDT"]
[Termination "Keranke won on time"]

1. e4 g6 2. d4 Bg7 3. Nc3 d6 4.
Be3 a6 5. a4 b6 6. h3 Bb7 7. Nge2 Nd7 8. g4 c5 9. Bg2 cxd4 10.
Bxd4 Ngf6 11. g5 Nh5 12. Bxg7 Nxg7 13. Ng3 Nc5 14. h4 h6 15. Qd4 e5 16. Qd2 hxg5 17.
hxg5 Rxh1+ 18. Bxh1 Nce6 19. O-O-O Nd4 20. Nge2 Nge6 21.
f4 Rc8 22. Kb1 b5 23. axb5 axb5 24. f5 Nxe2 25. Nxe2 Nxg5 26. Nc3 Rc5 27. fxg6 fxg6 28. Rg1 Nf7 29. Rxg6 Qh4 30. Rg8+ Ke7 31. Rg1 b4 32. Nd5+ Bxd5 33. exd5 Qf4 34. Qg2 b3 35. c3 Qa4 36.
Qh3 Qa2+ 37. Kc1 Qa1+ 38. Kd2 Qxb2+ 39. Kd1 Qc2+ 40. Ke1 Qxc3+ 41. Qxc3 Rxc3 42. Kd2 Rc2+ 43. Kd3 Rh2 44. Be4 b2 45. Kc3 Kf6 46. Rf1+ Kg7 47. Bc2 Ng5 48. Rg1 Kf6 49. Kxb2 e4 50. Rf1+ Ke5 51. Kc3 Nf3 52. Bd1 Rh3 53. Kc2 Kxd5 54. Rf2 Ke5 55. Kc1 d5 56. Rg2 d4 57. Rg8 Kf4 58.
Rf8+ Ke3 59. Ra8 Rh1 60. Kc2 d3+ 61. Kc1 Nd4 62. Ra3 Ne2+ 63. Kb2 Rxd1 64. Kb3 Rc1 65. Kb4 Kf2 66. Ra2 e3 0-1

[Event "*** Titled Tuesday 3|2 Blitz"]
[Site "Chess.com"]
[Date "2017.05.02"]
[Round "1"]
[White "oskariot"]
[Black "Enzy63"]
[Result "1-0"]
[WhiteElo "2435"]
[BlackElo "2045"]
[TimeControl "180+2"]
[EndTime "13:10:48 PDT"]
[Termination "oskariot won by resignation"]

1. e4 e5 2. Nf3 Nc6 3. Bb5 a6 4.
Ba4 Nf6 5. O-O Be7 6. Re1 b5 7.
Bb3 d6 8. c3 O-O 9. h3 Bb7 10.
d4 Nd7 11. d5 Na5 12. Bc2 c6 13. dxc6 Bxc6 14. Nbd2 Nf6 15. Nf1 Qc7 16. Ng3 g6 17. Qe2 Rfe8 18. Bg5 d5 19. Rad1 Nc4 20. Bxf6 Bxf6 21.
exd5 Bb7 22. Ne4 Bg7 23. d6 Qc6 24. b3 Nb6 25. b4 a5 26. Nc5 axb4 27. Nxb7 Qxb7 28.
Be4 Qd7 29. Bxa8 Nxa8 30. cxb4 Nb6 31. Nd4 Nc4 32. Nb3 Nxd6 33. Nc5 Qc6 34. Qf3 e4 35. Qe3 h6 36. Qf4 h5 37. Qxd6 Qxd6 38. Rxd6 Bc3 39. Re2 Bxb4 40. Nxe4 Bxd6 41. Nf6+ Kf8 42. Rxe8+ Kg7 43.
Ne4 Bf4 44. Rc8 h4 45. Rc5 f5 46. Nc3 Kf7 47. Rxb5 Ke6 48. a4 Be5 49. Nd1 Bd4 50. Nb2 g5 51. Nc4 g4 52. hxg4 fxg4 53. a5 g3 54. a6 Bxf2+ 55. Kh1 Kd7 56. a7 Bxa7 57. Rb7+ Kc6 58. Rxa7 Kc5 59. Rh7 Kxc4 60.
Rxh4+ Kd5 61. Rg4 Ke5 62. Rxg3 Kf4 63. Rh3 Kg4 64. Kh2 Kf4 65. g3+ Kg4 66. Rh4+ Kg5 67.
Rf4 Kh5 68. Kh3 Kg5 69. Ra4 1-0

[Event "*** Titled Tuesday 3|2 Blitz"]
[Site "Chess.com"]
[Date "2017.05.02"]
[Round "1"]
[White "DrVitman"]
[Black "GasconJR"]
[Result "1-0"]
[WhiteElo "2594"]
[BlackElo "2318"]
[TimeControl "180+2"]
[EndTime "13:11:24 PDT"]
[Termination "DrVitman won on time"]

1. d4 Nf6 2. c4 e6 3. Nf3 d5 4.
Nc3 Be7 5. Bg5 O-O 6. e3 h6 7. Bh4 Ne4 8. Bxe7 Qxe7 9. Qc2 Nxc3 10. Qxc3 c6 11. Bd3 dxc4 12. Bxc4 b6 13. O-O Bb7 14.
Rfd1 Nd7 15. h3 Rac8 16. Ne5 Nf6 17. b4 Nd5 18. Bxd5 cxd5 19. Qb2 Rc7 20. Rac1 Rfc8 21. b5 f6 22. Nd3 Rc4 23. a3 Qd7 24. Qb1 R8c7 25.
Nf4 Bc8 26. Rxc4 Rxc4 27. Ne2 Qc7 28. Rc1 Bd7 29. a4 Be8 30. Qb2 Bg6 31. Rc3 Kf7 32. f3 Ke8 33. Kf2 Kd7 34. Qa3 Rxc3 35. Nxc3 Ke8 36. Qb4 Bd3 37. Ke1 Kf7 38. Kf2 Bc4 39. g3 g5 40. f4 h5 41. Qa3 h4 42.
Qc1 Bd3 43. Qd2 hxg3+ 44. Kxg3 Bf5 45. h4 gxh4+ 46. Kxh4 Kf8 47. Kg3 Qg7+ 48. Kf2 Qh6 49. Ke1 Qh1+ 50. Ke2 Bg4+ 51. Kd3 Bf5+ 52. Ke2 Qg2+ 53.
Ke1 Qg1+ 54. Ke2 Bh3 55. Kd3 Qg6+ 56. Ke2 Qg2+ 57. Kd1 Qf1+ 58. Kc2 Bf5+ 59. Kb2 Qc4 60. Qe1 Qd3 61. Qc1 Qc4 62. Qd2 Qb4+ 63. Ka2 Qc4+ 64. Ka3 Ke7 65. Na2 Bc2 66. Qb4+ Qxb4+ 67. Nxb4 Be4 68.
Nc6+ Kd6 69. Nxa7 e5 70. fxe5+ fxe5 71. dxe5+ Kxe5 72. Nc8 1-0

[Event "*** Titled Tuesday 3|2 Blitz"]
[Site "Chess.com"]
[Date "2017.05.02"]
[Round "1"]
[White "GrigorGrigorov"]
[Black "ChristopherYoo"]
[Result "1-0"]
[WhiteElo "2514"]
[BlackElo "2230"]
[TimeControl "180+2"]
[EndTime "13:11:29 PDT"]
[Termination "GrigorGrigorov won by resignation"]

1. d4 Nf6 2. c4 g6 3. Nf3 Bg7 4. g3 O-O 5. Bg2 d5 6. O-O c6 7. Nbd2 Nbd7 8. b3 b6 9. Ba3 Bb7 10. Rc1 Rc8 11. e3 Re8 12. h3 c5 13.
dxc5 Nxc5 14. Ne5 Nfe4 15. Nxe4 dxe4 16. Bxc5 bxc5 17. Ng4 f5 18. Nh2 Qa5 19. Qc2 Rcd8 20. Rfd1 Be5 21. Nf1 Bc6 22. Qe2 Qa3 23. Rb1 a5 24. Rd2 Bc3 25. Rdd1 Rb8 26. g4 e6 27.
Rd6 Rbc8 28. Rbd1 Be5 29. R6d2 a4 30. bxa4 Bxa4 31. Rb1 Bc3 32. Rd6 Rcd8 33. Ra6 Ra8 34. Rbb6 Rxa6 35. Rxa6 Qb4 36. f3 exf3 37. Bxf3 Kh8 38.
Qg2 Be5 39. Rxa4 Qxa4 40. Bc6 Qxc4 41. Bxe8 Bf6 42. a4 f4 43. Bb5 Qb4 44. Qd2 Bg5 45. Qxb4 cxb4 46. exf4 Bxf4 47. Bc4 Bc7 48. Nd2 Kg7 49.
Kf2 Kf6 50. Ke3 Ke5 51. Nf3+ Kd6 52. Ke4 Kc5 53. Bb3 Bg3 54. Ng5 e5 55. Nxh7 Kd6 56. Nf8 g5 57. Ne6 Bh4 58. Ng7 Bf2 59. Nf5+ Kc5 60.
Kxe5 Be1 61. Ke4 Bc3 62. Ne7 Bf6 63. Nd5 Bb2 64. Ne3 Bc1 65. Nc4 Bf4 66. Kf5 Kd4 67. h4 Kc3 68. Ba2 Bc7 69. hxg5 b3 70. Bxb3 Kxb3 71.
g6 Kxc4 72. g7 Kb4 73. g8=Q Bd6 74. Qd5 Bc5 75. Qc6 Bd4 76. Qb5+ Kc3 77. a5 Bf2 78. a6 Be3 79. Qb7 Kd4 80. g5 Bd2 81. g6 Ke3 82. g7 Ke2 83. g8=Q Be3 84. Qgg2+ Kd1 85. Qbf3+ 1-0

[Event "*** Titled Tuesday 3|2 Blitz"]
[Site "Chess.com"]
[Date "2017.05.02"]
[Round "1"]
[White "JusticeBot"]
[Black "olgerts_indricans"]
[Result "1-0"]
[WhiteElo "2537"]
[BlackElo "2266"]
[TimeControl "180+2"]
[EndTime "13:11:41 PDT"]
[Termination "JusticeBot won by resignation"]

1. e4 c5 2. c3 Nf6 3. e5 Nd5 4. d4 cxd4 5. Nf3 e6 6. Bc4 Nb6 7. Bb3 d6 8. cxd4 Nc6 9. Qe2 Be7 10. O-O O-O 11. Nc3 Bd7 12. Bf4 d5 13. Bc2 Nb4 14. Bb1 Rc8 15. a3 Nc6 16. Qd3 g6 17. Bh6 Re8 18. Ne2 Na5 19. Qe3 Bb5 20. Re1 Bxe2 21.
Rxe2 Bf8 22. Bxf8 Rxf8 23. Qh6 Nb3 24. Bc2 Rxc2 25. Rxc2 Nxa1 26. Rc1 Nb3 27. Rc3 f6 28. Rxb3 Qe7 29. exf6 Qxf6 30. Rc3 Rc8 31. h4 Rxc3 32. bxc3 Nc4 33. a4 a6 34. h5 Qg7 35. Qg5 gxh5 36.
Qd8+ Qf8 37. Qg5+ Qg7 38. Qxh5 Qg6 39. Qh4 b5 40. Qd8+ Kg7 41. axb5 axb5 42. Qd7+ Kh6 43. Qxb5 Qf5 44. Qe8 Nb2 45. Ne5 Nd1 46. f3 Nxc3 47. Ng4+ Kg5 48. Qe7+ Kf4 49. Qh4 Qg5 50. Qe1 Nb5 51.
Qxe6 Qf5 52. Qe3+ Kg3 53. Qf2+ Kf4 54. g3+ Kg5 55. Qe3+ Kg6 56. Qh6+ Kf7 57. Ne5+ Ke7 58. Qg7+ Kd6 59. Nf7+ Kc6 60. Nd8+ Kb6 61. Qb7+ Ka5 62.
Nc6+ Ka4 63. Qa6+ Kb3 64. Qxb5+ Kc2 65. Qe2+ Kc3 66. Qe3+ Kc4 67. Ne5+ Kb5 68. Qb3+ Ka6 69. Qa4+ Kb6 70. Qb4+ Ka6 71. Qd6+ Kb5 72. Qxd5+ Ka4 73. Qc4+ Ka3 74. Qc3+ Ka4 75. Nd3 Qf8 76. Qb2 Qe7 77.
Nc5+ Ka5 78. Nb7+ Ka4 79. Nc5+ Ka5 80. Qa3+ Kb5 81. Qa4+ Kb6 82. Qa6+ Kc7 83. Qb7+ 1-0

[Event "*** Titled Tuesday 3|2 Blitz"]
[Site "Chess.com"]
[Date "2017.05.02"]
[Round "1"]
[White "Bryakin_Mikhail"]
[Black "Vegan4future"]
[Result "1/2-1/2"]
[WhiteElo "2555"]
[BlackElo "2292"]
[TimeControl "180+2"]
[EndTime "13:12:07 PDT"]
[Termination "Game drawn - insufficient material"]

1. d4 Nf6 2. c4 g6 3. Nc3 Bg7 4. e4 d6 5. h3 O-O 6. Be3 c5 7. Nf3 cxd4 8. Nxd4 Nc6 9. Be2 Nxd4 10. Bxd4 Be6 11.
O-O Rc8 12. b3 Qa5 13. Rc1 Nd7 14. Bxg7 Kxg7 15. Qd4+ Kg8 16. Rfd1 Qc5 17. Qd2 Nf6 18. Bf3 a6 19. Na4 Qa7 20. Nc3 Qc5 21. Na4 Qa7 22. Nc3 Rfd8 23. Ne2 b5 24. cxb5 axb5 25. Nd4 Bd7 26.
h4 h5 27. g3 Rc5 28. Rxc5 Qxc5 29. Rc1 Qb6 30. Ne2 b4 31. Qd4 Qxd4 32. Nxd4 Kf8 33. Rc2 e5 34. Nc6 Bxc6 35. Rxc6 Ke7 36. Rb6 Ra8 37.
Rxb4 Rxa2 38. Kf1 Nd7 39. Rb7 Ra1+ 40. Ke2 Ke6 41. b4 Rb1 42. Bg2 Rb2+ 43. Ke1 Nc5 44. Bh3+ f5 45. exf5+ gxf5 46. Rh7 Nd3+ 47. Kf1 Nxf2 48.
Rh6+ Kd5 49. Bxf5 e4 50. Rxh5 Kd4 51. Be6 Ke3 52. Rd5 Nd3 53. Rxd6 Rb1+ 54. Kg2 Ne1+ 55. Kh3 Nf3 56. Kg4 Rxb4 57. h5 Kf2 58. Kf5 e3 59. Ra6 e2 60. Ra2 Nd4+ 61. Kf6 Rb6 62. h6 Rxe6+ 63.
Kg5 Nf3+ 64. Kh5 Re5+ 65. Kg6 Rg5+ 66. Kf6 Rxg3 67. h7 Rh3 68. Kg7 Rg3+ 69. Kf6 Rh3 70. Kg7 Ng5 71. Rxe2+ Kxe2 72. h8=Q Ne6+ 73. Kg8 Rg3+ 74. Kf7 Ng5+ 75. Ke7 Nf3 76. Qb2+ Ke3 77. Qb3+ Kf2 78. Qb2+ Kg1 79. Qb1+ Kg2 80. Qb2+ Kh3 81. Qh8+ Nh4 82. Qa1 Re3+ 83. Kd6 Kg3 84. Kd7 Nf3 85. Kd8 Kf4 86. Kc8 Ke4 87. Kb8 Nd4 88. Qh1+ Kd3 89. Qd1+ Kc4 90. Qc1+ Rc3 91. Qxc3+ Kxc3 1/2-1/2